 Dungeon Crawl Stone Soup version 0.21-a0-286-g6fcecc0 (webtiles) character file.

58 pkoi the Slasher (level 3, -3/31 HPs)
             Began as a Draconian Monk on Sept 28, 2017.
             Killed by nerve-wracking pain
             ... invoked by Jessica
              (4 damage)
             ... on level 2 of the Dungeon.
             The game lasted 00:02:10 (1785 turns).

pkoi the Slasher (Draconian Monk)                   Turns: 1785, Time: 00:02:10

Health: -3/31      AC:  5    Str: 14    XL:     3   Next: 75%
Magic:  3/3        EV: 14    Int: 10    God:
Gold:   83         SH:  0    Dex: 13    Spells: 2/2 levels left

rFire    . . .     SeeInvis .   a - +0 falchion
rCold    . . .     Gourm    .   (no shield)
rNeg     . . .     Faith    .   (armour unavailable)
rPois    .         Spirit   .   (helmet restricted)
rElec    .         Reflect  .   (no cloak)
rCorr    .         Harm     .   (no gloves)
MR       .....                  (no boots)
Stlth    ++........             (no amulet)
HPRegen  0.10/turn              c - +1 ring of evasion
MPRegen  0.08/turn              (no ring)

@: no status effects
A: unfitting armour, cold-blooded, AC +5
a: no special abilities


You were on level 2 of the Dungeon.
You were hungry.

You visited 1 branch of the dungeon, and saw 2 of its levels.

You collected 83 gold pieces.

Inventory:

Hand Weapons
 a - a +0 falchion (weapon)
Jewellery
 c - a +1 ring of evasion (left hand)
Scrolls
 g - a scroll of fear {unknown}
 h - a scroll of identify {unknown}
 i - a scroll of enchant weapon {unknown}
Potions
 e - a potion of magic {unknown}
 f - a potion of ambrosia {unknown}
 j - a potion of degeneration {unknown}
 k - a potion of curing {unknown}
Comestibles
 b - a bread ration


   Skills:
 - Level 3.2 Fighting
 + Level 4.7 Long Blades
 - Level 2.6 Dodging
 - Level 1.7 Stealth


You had 2 spell levels left.
You didn't know any spells.

Dungeon Overview and Level Annotations

Branches:
Dungeon (2/15)

Altars:
Ru

Annotations:
D:2 Jessica


Innate Abilities, Weirdness & Mutations

Your plain brown scales are hard. (AC +5)
You cannot fit into any form of body armour.
You are cold-blooded and may be slowed by cold attacks.


Message History

It is a wand of polymorph (?/24).
Jessica casts a spell at you. You resist with some effort.
You slash Jessica!
Jessica is severely wounded.
Jessica gestures at you while chanting. Pain shoots through your body!
* * * LOW HITPOINT WARNING * * *
You hit Jessica but do no damage.
Jessica is severely wounded.
Jessica hits you with a club!
* * * LOW HITPOINT WARNING * * *
You closely miss Jessica.
Jessica is severely wounded.
Jessica gestures wildly while chanting.
Jessica blinks!
The kobold completely misses you. Jessica gestures at you while chanting.
Pain shoots through your body!
You die...

#.##### ##.######
#.# #.......#
#.###### #.......#
.>.....# #.......#
#.####.# #......!#
#.# #.# #@..!...#
#.# #.# #.......#
#.# #.# #...Kw..#
..# ##.# ####@####
.####..# #.#
......)# #.#
.####..#########.#
....#............#
.##.#.############
.##.#.# .##.#.#
###.#.#


You could see a dart slug, Jessica and a kobold.

Vanquished Creatures
  An ooze (D:2)
  A worm (D:2)
  2 dart slugs
  4 leopard geckos (D:2)
  3 giant cockroaches
  6 hobgoblins
  2 jackals (D:1)
  6 bats
  4 frilled lizards
  7 goblins
  5 rats
41 creatures vanquished.

Notes
Turn   | Place    | Note
-------+----------+-------------------------------------------
     0 | D:1      | pkoi the Draconian Monk began the quest for the Orb.
     0 | D:1      | Reached XP level 1. HP: 19/19 MP: 1/1
   386 | D:1      | Reached XP level 2. HP: 26/26 MP: 2/2
   814 | D:1      | Reached skill level 4 in Long Blades
   930 | D:2      | Reached XP level 3. HP: 26/31 MP: 3/3
  1501 | D:2      | Found a sacrificial altar of Ru.
  1774 | D:2      | Noticed Jessica
  1783 | D:2      | HP: 1/31 [Jessica/club (7)]
  1785 | D:2      | Killed from afar by Jessica

Vault maps used:
D:1:      erik_arrival_triangle_small, minmay_surrounded
D:2:      old_standard_altar, uniq_jessica

Skill      XL: |  1  2 |
---------------+-------+-----
Long Blades    | 4 |  4.7
Fighting       | |  3.2
Dodging        | |  2.6
Stealth        | |  1.7

Action                   || total
-------------------------++-------
Melee: Falchion          ||   134
       Tailslap          ||    13
 Stab: Sleeping          ||     3
  Eat: Chunk             ||     2
Armor: Skin              ||    25
Dodge: Dodged            ||   118
       Rpst.: Falchion   ||    38

Table legend:
 A = Spawn XP
 B = Non-spawn XP
 C = Spawn XP percentage of total XP
 D = Spawn monster count
 E = Non-spawn monster count
 F = Spawn count percentage of total count
 G = Total turns spent on level
                    A         B        C        D         E        F      G
               +---------+---------+-------+---------+---------+-------+---------
         Total |       0 |      83 |   0.0 |       0 |      41 |   0.0 |  1785
               +---------+---------+-------+---------+---------+-------+---------
           D:1 |       0 |      34 |   0.0 |       0 |      20 |   0.0 |   918
           D:2 |       0 |      49 |   0.0 |       0 |      21 |   0.0 |   867
               +---------+---------+-------+---------+---------+-------+---------
